 Dungeon Crawl Stone Soup version 0.26.1 (webtiles) character file.

Game seed: 1601494197040240208

2783 Descartes the Protected (level 10, -11/68 (70) HPs)
             Began as a Formicid Abyssal Knight on Feb 7, 2021.
             Was a Priest of Lugonu.
             Killed from afar by Maurice (12 damage)
             ... with an iceblast
             ... on level 8 of the Dungeon.
             The game lasted 00:18:21 (8610 turns).

Descartes the Protected (Formicid Abyssal Knight)   Turns: 8610, Time: 00:18:22

HP:   -11/68 (70)   AC: 19    Str: 16    XL:     10   Next: 1%
MP:   13/13         EV:  8    Int: 13    God:    Lugonu [***...]
Gold: 403           SH:  5    Dex: 15    Spells: 9/9 levels left

rFire    . . .     SeeInvis +   P - +5 great sword
rCold    . . .     Faith    .   (no shield)
rNeg     + . .     Spirit   .   c - +0 chain mail
rPois    .         Reflect  +   (helmet unavailable)
rElec    .         Harm     .   (no cloak)
rCorr    .         Rampage  .   B - +0 pair of gloves {archery}
Will     +....                  p - +1 pair of boots
Stlth    ..........             v - amulet of reflection
HPRegen  0.21/turn              l - ring of wizardry
MPRegen  0.13/turn              M - ring of positive energy

@: mighty, studying Conjurations, lightly drained
A: permanent stasis, dig shafts and tunnels, four strong arms, antennae 3,
talons 1, slimy green scales 1, thin skeletal structure 1, yellow scales 1,
MP-powered wands
a: Dig, Shaft Self, Renounce Religion, Depart the Abyss, Bend Space, Banish


You were on level 8 of the Dungeon.
You worshipped Lugonu.
Lugonu was most pleased with you.
You visited 2 branches of the dungeon, and saw 9 of its levels.
You visited the Abyss 1 time.

You collected 403 gold pieces.

Inventory:

Hand Weapons
 a - a +1 hand axe
 d - a +0 halberd
 k - a +0 morningstar
 u - a +0 war axe
 H - a +2 flail of holy wrath
 O - a +5 flail
 P - a +5 great sword (weapon)
Missiles
 h - 148 stones
 j - 103 bolts
 r - 118 arrows
 x - 41 sling bullets
 D - 4 atropa-tipped darts
 K - 7 boomerangs
Armour
 c - a +0 chain mail (worn)
 p - a +1 pair of boots (worn)
 B - a +0 pair of gloves of archery (worn)
Magical Staves
 I - an uncursed staff of cold {unknown}
Jewellery
 l - a ring of wizardry (left hand)
 v - an amulet of reflection (around neck)
 M - a ring of positive energy (right hand)
Wands
 F - a wand of flame (44)
 G - a wand of iceblast (15)
 L - a wand of disintegration (15)
Scrolls
 n - 2 scrolls of remove curse
 o - 3 scrolls of identify
 s - a scroll of enchant armour
 y - a scroll of fear
 E - a scroll of torment {unknown}
Potions
 i - 4 potions of magic
 w - a potion of haste {unknown}
 z - a potion of brilliance {unknown}
 A - a potion of resistance {unknown}
 C - 2 potions of invisibility {unknown}
 J - a potion of cancellation {unknown}
 N - a potion of ambrosia {unknown}
Books
 q - a manual of Conjurations
Miscellaneous
 f - a lightning rod (4/4)


   Skills:
 - Level 3.2 Fighting
 + Level 1.1 Long Blades
 - Level 4.0(4.9) Axes
 - Level 4.1(5.0) Maces & Flails
 + Level 10.9 Armour
 - Level 0.8 Dodging
 - Level 5.0 Invocations
 - Level 5.0 Evocations


You had 9 spell levels left.
You didn't know any spells.
Your spell library contained the following spells:

 Spells                   Type           Power        Failure   Level
 Animate Skeleton         Necr           0%           75%         1
 Apportation              Tloc           0%           75%         1
 Corona                   Hex            0%           75%         1
 Summon Small Mammal      Summ           0%           75%         1


Dungeon Overview and Level Annotations

Branches:
Dungeon (8/15)             Temple (1/1) D:4            Lair (0/6) D:8

Altars:
Ashenzari
Cheibriados
Dithmenos
Fedhas
Gozag
Hepliaklqana
Kikubaaqudgha
Makhleb
Nemelex Xobeh
Okawaru
Qazlal
Ru
Sif Muna
Trog
Uskayaw
Vehumet
Wu Jian
Xom
Yredelemnul
Zin
The Shining One

Portals:
Bailey: D:8

Annotations:
D:8 Maurice


Innate Abilities, Weirdness & Mutations

You cannot be hasted, slowed, berserked, paralysed or teleported.
You can dig through walls and to a lower floor.
Your four strong arms can wield two-handed weapons with a shield.
You have a pair of large antennae on your head. (SInv)
You have sharp toenails.
You are partially covered in slimy green scales. (AC +2)
You have a somewhat thin skeletal structure. (Dex +2, Stealth)
You are partially covered in yellow scales. (AC +2)
You expend magic power (3 MP) to strengthen your wands.


Message History

Maurice is moderately wounded.
Maurice splashes around in the water.
The hobgoblin barely misses you. The goblin hits you but does no damage.
You closely miss Maurice.
Maurice is moderately wounded.
You block Maurice's attack. The hobgoblin barely misses you.
You block the goblin's attack.
The hobgoblin hits you but does no damage.
The goblin hits you but does no damage. Maurice hits you but does no damage.
It was a potion of magic.
Magic courses through your body.
Maurice gestures wildly while chanting.
Maurice blinks!
The hobgoblin barely misses you. The goblin hits you but does no damage.
It was a potion of might.
You feel very mighty all of a sudden.
Maurice zaps a wand.
The mass of ice explodes!
The iceblast engulfs you!
* * * LOW HITPOINT WARNING * * *
The hobgoblin barely misses you. You block the goblin's attack.
Maurice zaps a wand.
The mass of ice explodes!
The iceblast engulfs you!
You die...

*#.#*******#####.##****** #)#
#......# ######'#### #......#
..........######......##
..........##.).........##****
..........##.≈≈≈≈≈≈≈≈≈...,,,*
..........##.≈≈≈≈≈≈≈≈≈..#**,*
..........##.≈##'''##≈..# *,*
######.###.#.≈#g@))g#≈..# *,*
# #.# ##..≈#@...∩#≈,.# *,* #
#.# ##.≈#######≈,*# *,* # #.*
#.≈≈≈≈≈≈≈≈≈,* *,* #*****,**
*#..........,* *,* ...,,,,,*
#.......####** *,* ...,,,,,*
#.####### ***,* ...,,,,{* #.*
*,,,* ,..,,,,,**#.** *,***


You could see Maurice (swift, invisible), a hobgoblin and a goblin.

Vanquished Creatures
  Pikel (D:7)
  2 black bears (D:6)
  An orc warrior (D:7)
  A phantom (D:6)
  A big kobold (D:5)
  4 bullfrogs
  A water moccasin zombie (D:6)
  2 scorpions
  6 wights
  4 orc wizards
  2 quasits
  A jelly (D:6)
  4 orc priests
  A centaur skeleton (D:5)
  12 hounds
  2 iguanas
  Natasha (thrice) (D:2)
  7 worker ants
  A killer bee zombie (D:7)
  A worker ant zombie (D:5)
  9 adders
  4 white imps
  An ufetubus (D:7)
  2 oozes
  An adder zombie (D:7)
  5 worms
  A dart slug (D:2)
  6 leopard geckos
  27 orcs
  12 bats
  3 giant cockroaches
  4 goblins
  8 hobgoblins
  9 kobolds
  A ball python (D:2)
  10 frilled lizards
  A leopard gecko zombie (D:6)
  2 quokka skeletons (D:4)
  6 rats
169 creatures vanquished.

Vanquished Creatures (others)
  An orc (D:8)
1 creature vanquished.

Grand Total: 170 creatures vanquished

Notes
Turn   | Place    | Note
-------+----------+-------------------------------------------
     0 | Abyss:1  | Descartes the Formicid Abyssal Knight began the quest for
                  | the Orb.
     0 | Abyss:1  | Reached XP level 1. HP: 18/18 MP: 2/2
    66 | Abyss:1  | Noticed a quasit
    68 | Abyss:1  | Noticed a small abomination
   127 | Abyss:2  | Noticed a raiju
   141 | Abyss:3  | Noticed a hellwing
   141 | Abyss:3  | Noticed a smoke demon
   141 | D:1      | Escaped the Abyss
   432 | D:1      | Reached XP level 2. HP: 23/24 MP: 3/3
   515 | D:1      | Reached * piety under Lugonu
   800 | D:1      | Reached XP level 3. HP: 29/29 MP: 4/4
   805 | D:1      | Found a snail-covered altar of Cheibriados.
  1098 | D:2      | Reached skill level 1 in Evocations
  1565 | D:2      | Noticed Natasha
  1576 | D:2      | Killed Natasha
  1577 | D:2      | Reached XP level 4. HP: 28/35 MP: 6/6
  1642 | D:2      | Noticed Natasha
  1652 | D:2      | Killed Natasha
  1671 | D:2      | Reached XP level 5. HP: 19/41 MP: 7/7
  1990 | D:2      | Noticed Natasha
  1996 | D:2      | Killed Natasha
  2458 | D:3      | Reached ** piety under Lugonu
  2607 | D:3      | Reached XP level 6. HP: 22/47 MP: 7/9
  2800 | D:3      | Found a hide-covered altar of Uskayaw.
  3150 | D:3      | Found a burning altar of Makhleb.
  3297 | D:3      | You fall into a shaft and drop 3 floors!
  3298 | D:6      | Noticed a phantom
  3351 | D:6      | Killed a phantom
  3352 | D:6      | Reached skill level 5 in Invocations
  3352 | D:6      | Reached XP level 7. HP: 33/52 MP: 10/10
  3353 | D:6      | Reached skill level 5 in Evocations
  3557 | D:6      | Reached skill level 3 in Armour
  3629 | D:6      | Found a sacrificial altar of Ru.
  3889 | D:5      | Entered Level 5 of the Dungeon
  4124 | D:4      | Reached skill level 4 in Armour
  4244 | D:4      | Found a broken altar of Ashenzari.
  4301 | D:4      | Reached skill level 5 in Armour
  4301 | D:4      | Reached XP level 8. HP: 50/58 MP: 11/11
  5059 | D:4      | Reached *** piety under Lugonu
  5128 | D:4      | Reached skill level 6 in Armour
  5362 | D:4      | Found a staircase to the Ecumenical Temple.
  5368 | Temple   | Entered the Ecumenical Temple
  5812 | D:5      | Found a radiant altar of Vehumet.
  5868 | D:5      | Gained mutation: Your magical capacity is low. (-10% MP)
                  | [potion of mutation]
  5868 | D:5      | Gained mutation: You have a somewhat thin skeletal
                  | structure. (Dex +2, Stealth) [potion of mutation]
  5868 | D:5      | Gained mutation: You are partially covered in yellow
                  | scales. (AC +2) [potion of mutation]
  5868 | D:5      | Gained mutation: You expend magic power (3 MP) to
                  | strengthen your wands. [potion of mutation]
  5905 | D:5      | Reached skill level 7 in Armour
  5978 | D:5      | Reached skill level 1 in Maces & Flails
  7055 | D:7      | Reached XP level 9. HP: 35/64 MP: 11/11
  7078 | D:7      | Reached skill level 8 in Armour
  7444 | D:7      | Noticed Pikel
  7455 | D:7      | Killed Pikel
  7456 | D:7      | Reached skill level 9 in Armour
  7540 | D:7      | Reached skill level 10 in Armour
  8078 | D:7      | Lost mutation: Your magical capacity is low. (-10% MP)
                  | [potion of mutation]
  8078 | D:7      | Gained mutation: You have sharp toenails. [potion of
                  | mutation]
  8078 | D:7      | Gained mutation: You are partially covered in slimy green
                  | scales. (AC +2) [potion of mutation]
  8522 | D:8      | Identified a scroll of acquirement
  8522 | D:8      | Acquired a manual of Conjurations
  8544 | D:8      | Reached XP level 10. HP: 66/68 MP: 13/13
  8556 | D:8      | Reached skill level 1 in Long Blades
  8585 | D:8      | Noticed Maurice
  8597 | D:8      | Found a flagged portal.
  8609 | D:8      | HP: 1/68 [Maurice/iceblast (11)]
  8610 | D:8      | Killed from afar by Maurice

Illustrated notes

Levels and vault maps discovered:
D:1:      enne_arrival_octagon_isle, layout_basic, nrook_loot_triangle,
          cheibriados_altar_1
D:2:      layout_loops_corners, uniq_natasha
D:3:      layout_basic, makhleb_heckhound_becter, old_standard_altar
D:4:      layout_cave_pools, evilmike_ruin_ashenzari, temple_statues,
          minmay_joined_circles
D:5:      layout_cave_pods, vehumet_crystals
D:6:      layout_rooms, lemuel_crystal_altar
D:7:      layout_cave_pools, serial_column_ruins, column_ruins_square_small,
          column_ruins_open_small, column_ruins_open_small,
          column_ruins_columns_T, column_ruins_open_tiny,
          column_ruins_columns_straight, uniq_pikel
D:8:      layout_basic, dpeg_lair_monsters, enter_bailey_4, basic_altar,
          uniq_maurice
Temple:   nicolae_temple_elliptical

Skill      XL: |  1  2  3  4  5  6  7  8  9 10 |
---------------+-------------------------------+-----
Axes           | 3 4 |  4.0
Evocations     | 1 2 4 5 |  5.0
Invocations    | 3 4 5 |  5.0
Armour         | 5 7 10 | 10.9
Maces & Flails | 3 4 |  4.1
Long Blades    | 1 |  1.1
Fighting       | |  3.2
Dodging        | |  0.8

Action                   |  1- 3 |  4- 6 |  7- 9 | 10-12 || total
-------------------------+-------+-------+-------+-------++-------
Melee: Hand axe          |    92 |   191 |   240 |       ||   523
       Flail             |       |       |   248 |       ||   248
       Great sword       |       |       |     7 |    33 ||    40
Invok: Depart the Abyss  |     1 |       |       |       ||     1
 Abil: Dig               |     2 |       |       |     1 ||     3
Evoke: Lightning rod     |     1 |       |       |       ||     1
  Use: Scroll            |       |       |    10 |     3 ||    13
       Potion            |       |       |     4 |     2 ||     6
Armor: Chain mail        |    58 |   117 |   409 |    46 ||   630
       Leather armour    |     2 |       |       |       ||     2
Dodge: Dodged            |    45 |    91 |   226 |    27 ||   389
Block: Other             |       |       |   103 |    17 ||   120
       Reflection        |       |       |     3 |       ||     3
       Rpst.: Great sword |       |       |     1 |     7 ||     8
